 Dungeon Crawl Stone Soup version 0.20.1-1-g8b1a95d (console) character file.

49 rafael the Insei (level 3, -2/29 HPs)
             Began as a Demonspawn Abyssal Knight on Aug 29, 2017.
             Was a Follower of Lugonu.
             Slain by an adder (3 damage)
             ... on level 2 of the Dungeon.
             The game lasted 00:02:39 (795 turns).

rafael the Insei (Demonspawn Abyssal Knight)         Turns: 795, Time: 00:02:39

Health: -2/29      AC:  5    Str: 12    XL:     3   Next: 51%
Magic:  4/4        EV: 11    Int: 14    God:    Lugonu [*.....]
Gold:   35         SH:  0    Dex: 12    Spells: 2/2 levels left

rFire    . . .     SeeInvis .     - Unarmed
rCold    . . .     Gourm    .   (no shield)
rNeg     . . .     Faith    .   a - +0 leather armour
rPois    .         Spirit   .   l - +0 helmet
rElec    .         Reflect  .   (no cloak)
rCorr    .         Harm     .   m - +0 pair of gloves
MR       .....                  (no boots)
Stlth    ++........             (no amulet)
Regen    0.1/turn               (no ring)
MPRegen  0.1/turn               (no ring)

@: lethally poisoned (-2 -> -5)
A: demonic guardian 1, nightstalker 1
a: Depart the Abyss, Renounce Religion


You were on level 2 of the Dungeon.
You worshipped Lugonu.
Lugonu was aware of your devotion.
You were not hungry.

You visited 1 branch of the dungeon, and saw 2 of its levels.
You visited the Abyss 1 time.

You collected 35 gold pieces.

Inventory:

Missiles
 i - 7 needles of sleeping
Armour
 a - a +0 leather armour (worn)
 l - a +0 helmet (worn)
 m - a +0 pair of gloves (worn)
Scrolls
 e - a scroll of enchant weapon {unknown}
 g - a scroll of immolation {unknown}
 o - a scroll of remove curse {unknown}
Potions
 c - a potion of might {unknown}
 d - a potion of flight {unknown}
 f - 2 potions of cancellation {unknown}
 h - a potion of mutation {unknown}
 j - a potion of haste {unknown}
 k - 3 potions of curing {unknown}
 n - a potion of ambrosia {unknown}
Comestibles
 b - a bread ration


   Skills:
 - Level 3.0 Fighting
 - Level 1.7 Armour
 - Level 0.8 Dodging
 + Level 3.6 Unarmed Combat
 - Level 2.4 Invocations


You had 2 spell levels left.
You didn't know any spells.

Dungeon Overview and Level Annotations

Branches:
Dungeon (2/15)

Altars:


Innate Abilities, Weirdness & Mutations

A weak demonic guardian rushes to your aid.
You are slightly more attuned to the shadows.


Message History

The adder is severely wounded.
The adder barely misses you.
You closely miss the adder.
The adder is severely wounded.
The adder bites you.
* * * LOW HITPOINT WARNING * * *
You hit the adder.
The adder is almost dead.
The adder bites you.
* * * LOW HITPOINT WARNING * * *
You are lethally poisoned!
The adder poisons you!
You miss the adder.
The adder is almost dead.
* * * LOW HITPOINT WARNING * * *
You feel sick. The adder barely misses you.
You hit the adder.
The adder is almost dead.
The adder misses you. The adder bites you.
You die...

. .# ######### #.#
#..w....# ##.##
#.#####.# ##...##
#.#####.####...().
#.##.S..S.Sw.5...#
#.##.##.####......
#@##.##.# ##...##
#.Sw....# ##w..(
####.#### #####
#.# ##### # #.#
#...####### #.#
#.........) #.#
#...####### #.#
##.## #.# #.#


You could see a worm and an adder.

Vanquished Creatures
  Natasha (D:2)
  A ball python (D:1)
  A bat (D:1)
  A giant cockroach (D:1)
  3 goblins
  3 hobgoblins (D:1)
  5 kobolds (D:1)
  A quokka (D:2)
  3 frilled lizards
  3 rats
22 creatures vanquished.

Notes
Turn   | Place    | Note
-------+----------+-------------------------------------------
     0 | Abyss:1  | rafael the Demonspawn Abyssal Knight began the quest for the Orb.
     0 | Abyss:1  | Reached XP level 1. HP: 18/18 MP: 2/2
    53 | Abyss:1  | Noticed an iron imp
    89 | Abyss:1  | Found an ancient bone altar of Kikubaaqudgha.
   111 | Abyss:1  | Noticed a small abomination
   131 | Abyss:1  | Noticed a neqoxec
   133 | Abyss:1  | Noticed a crimson imp
   133 | D:1      | Escaped the Abyss
   180 | D:1      | Reached * piety under Lugonu
   222 | D:1      | Gained mutation: You are slightly more attuned to the shadows. [demonic ancestry]
   222 | D:1      | Reached XP level 2. HP: 17/24 MP: 3/3
   682 | D:2      | Noticed Natasha
   700 | D:2      | Killed Natasha
   700 | D:2      | Gained mutation: A weak demonic guardian rushes to your aid. [demonic ancestry]
   700 | D:2      | Reached XP level 3. HP: 4/29 MP: 4/4
   794 | D:2      | HP: 1/29 [poisoned by an adder]
   795 | D:2      | Slain by an adder

Skill      XL: |  1  2 |
---------------+-------+-----
Unarmed Combat | 2 3 |  3.6
Fighting       | |  3.0
Armour         | |  1.7
Dodging        | |  0.8
Invocations    | |  2.4

Action                   || total
-------------------------++-------
Melee: Unarmed           ||   105
Invok: Depart the Abyss  ||     1
Armor: Leather armour    ||    21
Dodge: Dodged            ||    64
